 Dungeon Crawl Stone Soup version 0.30-a0-354-g6b83867211 (webtiles) character file.

Game seed: 9124126339395112878

15 MudFish the Grasshopper (level 2, 0/25 HPs)
             Began as an Armataur Warper on Nov 7, 2022.
             Slain by Terence
             ... wielding a +0 short sword
              (3 damage)
             ... on level 2 of the Dungeon.
             The game lasted 00:01:53 (956 turns).

MudFish the Grasshopper (Armataur Warper)            Turns: 956, Time: 00:01:54

Health: 0/25       AC:  8    Str: 16    XL:     2   Next: 34%
Magic:  4/4        EV:  7    Int: 13    God:
Gold:   30         SH:  0    Dex:  9    Spells: 2/4 levels left

rFire   . . .      SeeInvis .    a - +0 mace
rCold   . . .      Faith    .    (no shield)
rNeg    . . .      Spirit   .    g - +0 scale mail
rPois   .          Reflect  .    k - +0 helmet
rElec   .          Harm     .    i - +0 cloak
rCorr   .          Roll     +    (no gloves)
Will    .....                    (no barding)
Stlth   ..........               (no amulet)
HPRegen 0.24/turn                (no ring)
MPRegen 0.09/turn                (no ring)

@: no status effects
A: large, rugged brown scales 3, deformed body, armoured tail, roll, long
tongue, awkward tongue
a: no special abilities


You were on level 2 of the Dungeon.
You visited 1 branch of the dungeon, and saw 2 of its levels.

You collected 30 gold pieces.

Inventory:

Hand Weapons
 a - a +0 mace (weapon)
Missiles
 d - 7 boomerangs of dispersal (quivered)
Armour
 b - a +0 leather armour
 g - a +0 scale mail (worn)
 i - a +0 cloak (worn)
 j - a +0 pair of boots
 k - a +0 helmet (worn)
Scrolls
 c - a scroll of blinking
 f - a scroll of teleportation {unknown}
 h - a scroll of enchant weapon {unknown}
Potions
 e - a potion of invisibility {unknown}


   Skills:
 - Level 1.7 Fighting
 * Level 2.3 Maces & Flails
 - Level 0.8 Throwing
 + Level 2.0 Armour
 - Level 1.3 Dodging
 - Level 1.7 Spellcasting
 * Level 3.0 Translocations


You had 2 spell levels left.
You knew the following spells:

 Your Spells              Type           Power      Damage    Failure   Level
a - Blink                 Tloc           18%        N/A       38%         2

Your spell library contained the following spells:

 Spells                   Type           Power      Damage    Failure   Level
 Lesser Beckoning         Tloc           18%        N/A       63%         3
 Teleport Other           Tloc           9%         N/A       63%         3
 Vhi's Electric Charge    Tloc/Air       10%        N/A       83%         3
 Manifold Assault         Tloc           9%         N/A       95%         4


Dungeon Overview and Level Annotations

Branches:
Dungeon (2/15)

Altars:

Annotations:
D:2 Terence


Innate Abilities, Weirdness & Mutations

You are completely covered in rugged brown scales. (AC +3, +7% HP)
Armour fits poorly on your strangely shaped body.
You have a long armoured tail.
You roll when moving toward enemies. (Rampage)
Your long tongue fully drains potion bottles. (2x potion effects)
Your tongue gives you trouble enunciating. (1.5x scroll delay)


Message History

Terence the Incautious comes into view.
He is wielding a +0 short sword.
The hobgoblin hits you but does no damage.
You barely miss the hobgoblin.
Terence shouts!
Your tail-slap misses the hobgoblin.
The hobgoblin is almost dead.
The hobgoblin hits you.
You hit the hobgoblin.
You kill the hobgoblin!
You hit Terence but do no damage. Terence hits you with a +0 short sword.
Terence hits you but does no damage.
You hit Terence.
Terence is lightly wounded.
Terence hits you with a +0 short sword.
You barely miss Terence.
Your tail-slap misses Terence.
Terence is lightly wounded.
Terence hits you with a +0 short sword.
You barely miss Terence.
Terence is lightly wounded.
Terence hits you but does no damage.
You hit Terence.
Terence is moderately wounded.
Terence hits you with a +0 short sword. Terence hits you but does no damage.
You sock Terence!
Terence is heavily wounded.
Terence closely misses you.
You hit Terence.
Terence is severely wounded.
Terence hits you with a +0 short sword.
You barely miss Terence.
Terence is severely wounded.
Terence hits you but does no damage.
Terence drinks a potion.
Terence is healed!
You barely miss Terence. Terence closely misses you.
You hit Terence but do no damage. Terence hits you with a +0 short sword.
* * * LOW HITPOINT WARNING * * *
You hit Terence.
Terence is lightly wounded.
Terence completely misses you. Terence hits you with a +0 short sword.
You die...

....... .......
....... .......
.......
.......########
..............#
......@@......#
####..#########
#. #. #


You could see Terence.

Vanquished Creatures
  An endoplasm (D:1)
  3 hobgoblins
  A quokka (D:1)
  2 ball pythons (D:1)
  3 bats (D:1)
  2 goblins (D:1)
  A kobold (D:1)
13 creatures vanquished.

Notes
Turn   | Place    | Note
-------+----------+-------------------------------------------
     0 | D:1      | MudFish the Armataur Warper began the quest for the Orb.
     0 | D:1      | Reached XP level 1. HP: 18/18 MP: 3/3
   305 | D:1      | Reached XP level 2. HP: 24/25 MP: 4/4
   314 | D:1      | Learned a level 2 spell: Blink
   943 | D:2      | Noticed Terence
   956 | D:2      | Slain by Terence

Illustrated notes

Levels and vault maps discovered:
D:1:      dpeg_arrival_tiny_g, layout_loops_ring, serial_forest,
          infiniplex_forest_lined_room_3, infiniplex_forest_fountain,
          infiniplex_forest_straight_2, infiniplex_forest_straight_2,
          infiniplex_forest_end_double, infiniplex_forest_lined_3,
          infiniplex_forest_3_way, infiniplex_forest_zigzag_2,
          infiniplex_forest_straight_2, dreamdust_princess_bridge
D:2:      layout_basic, serial_shops, nicolae_shop_stone, uniq_terence

Skill      XL: |  1  2 |
---------------+-------+-----
Maces & Flails | 2 |  2.3
Armour         | 2 |  2.0
Fighting       | |  1.7
Throwing       | |  0.8
Dodging        | |  1.3
Spellcasting   | |  1.7
Translocations | |  3.0

Action                   || total
-------------------------++-------
Melee: Mace              ||    46
       Tailslap          ||     1
       Punch             ||     1
Armor: Scale mail        ||    22
Dodge: Dodged            ||    22

Table legend: (Time is in decaauts)
 A = Elapsed time spent in this place.
 B = Non-inter-level travel time spent in this place.
 C = Inter-level travel time spent in this place.
 D = Time resting spent in this place.
 E = Time spent auto-exploring this place.
 F = Levels seen in this place.
 G = Mean time per level.
                   A        B        C        D        E       F      G
               +--------+--------+--------+--------+--------+-----+--------+
         Total |    968 |    912 |     56 |      0 |    759 |   2 |  484.0 |
       Dungeon |    968 |    912 |     56 |      0 |    759 |   2 |  484.0 |
               +--------+--------+--------+--------+--------+-----+--------+

Top non-repeatable levels by time:
     D:1: 946 daAuts
     D:2: 22 daAuts
